 Dungeon Crawl Stone Soup version 0.22-a0-877-g5c4e1af (webtiles) character file.

100 opiumtea the Magician (level 4, -1/32 HPs)
             Began as a Gnoll Wizard on July 29, 2018.
             Slain by a kobold
             ... wielding a +0 club
              (6 damage)
             ... on level 1 of the Dungeon.
             The game lasted 00:09:39 (2575 turns).

opiumtea the Magician (Gnoll Wizard)                Turns: 2575, Time: 00:09:40

Health: -1/32      AC:  2    Str:  9    XL:     4   Next: 74%
Magic:  1/13       EV: 14    Int: 27    God:
Gold:   105        SH:  0    Dex: 13    Spells: 4/17 levels left

rFire    . . .     SeeInvis .   a - +0 short sword
rCold    . . .     Gourm    .   (no shield)
rNeg     . . .     Faith    .   g - +0 robe
rPois    .         Spirit   .   b - +0 hat
rElec    .         Reflect  .   (no cloak)
rCorr    .         Harm     .   (no gloves)
MR       .....                  (no boots)
Stlth    +++.......             (no amulet)
HPRegen  0.10/turn              (no ring)
MPRegen  0.13/turn              (no ring)

@: brilliant, flying
A: distributed training, fangs 1, strong nose
a: no special abilities


You were on level 1 of the Dungeon.
You were not hungry.

You visited 1 branch of the dungeon, and saw 3 of its levels.

You collected 105 gold pieces.

Inventory:

Hand Weapons
 a - a +0 short sword (weapon)
Missiles
 c - 99 stones (quivered)
 k - 29 sling bullets
Armour
 b - a +0 hat (worn)
 g - a +0 robe (worn)
Scrolls
 e - a scroll of teleportation {unknown}
 f - 2 scrolls of random uselessness {unknown}
 n - a scroll of enchant weapon {unknown}
 o - 2 scrolls of blinking {unknown}
Potions
 h - a potion of ambrosia
 i - 2 potions of cancellation
 j - a potion of curing
Comestibles
 d - 5 rations


   Skills:
 + Level 1.2 Fighting
 + Level 1.2 Short Blades
 + Level 1.2 Long Blades
 + Level 1.2 Axes
 + Level 1.2 Maces & Flails
 + Level 1.2 Polearms
 + Level 1.2 Staves
 + Level 1.2 Slings
 + Level 1.2 Bows
 + Level 1.2 Crossbows
 + Level 1.2 Throwing
 + Level 1.2 Armour
 + Level 4.6 Dodging
 + Level 4.3 Stealth
 + Level 1.2 Shields
 + Level 1.2 Unarmed Combat
 + Level 7.2 Spellcasting
 + Level 2.2 Conjurations
 + Level 1.0 Hexes
 + Level 1.0 Charms
 + Level 2.2 Summonings
 + Level 1.0 Necromancy
 + Level 2.2 Translocations
 + Level 1.0 Transmutations
 + Level 1.0 Fire Magic
 + Level 1.0 Ice Magic
 + Level 1.0 Air Magic
 + Level 1.0 Earth Magic
 + Level 1.0 Poison Magic
 + Level 1.3 Invocations
 + Level 1.2 Evocations


You had 4 spell levels left.
You knew the following spells:

 Your Spells              Type           Power        Failure   Level  Hunger
a - Magic Dart            Conj           ####         1%          1    None
b - Blink                 Tloc           N/A          1%          2    None
c - Call Imp              Summ           #####...     1%          2    None
d - Slow                  Hex            ####....     1%          2    None
e - Conjure Flame         Conj/Fire      ####....     1%          3    None
f - Mephitic Cloud        Conj/Pois/Air  ####....     1%          3    None

Your spell library contained the following spells:

 Spells                   Type           Power        Failure   Level  Hunger


Dungeon Overview and Level Annotations

Branches:
Dungeon (3/15)

Altars:
Hepliaklqana
Qazlal
Ru
Trog
Vehumet


Innate Abilities, Weirdness & Mutations

Your experience applies equally to all skills.
You have very sharp teeth.
Your uncanny sense of smell can sniff out nearby items.


Message History

Aiming: Magic Dart (safe; 1% risk of failure)
Press: ? - help, Shift-Dir - straight line, f - kobold
Aim: a kobold, wielding a club The magic dart hits the kobold.
The kobold is moderately wounded.
The kobold hits you with a club.
Casting: Magic Dart (safe; 1% risk of failure)
Confirm with . or Enter, or press ? or * to list all spells.
Aiming: Magic Dart (safe; 1% risk of failure)
Press: ? - help, Shift-Dir - straight line, f/p - kobold
Aim: a kobold, wielding a club (moderately wounded)
The magic dart hits the kobold.
The kobold is moderately wounded.
The kobold hits you with a club.
* * * LOW HITPOINT WARNING * * *
Casting: Magic Dart (safe; 1% risk of failure)
Confirm with . or Enter, or press ? or * to list all spells.
A beastly little devil appears in a puff of flame.
The kobold hits you with a club.
You die...

#)###########......#
#.##.....# #....#.#
#....###.#####.#.#.##
###............#.#.##
#...#.#########.#.##
#.#.#.......# #.#.##
#.#.♣.♣####.###.#.##
#.#.K5..............
#.#@♣.♣.............
#.###.###########.##
#...♣.♣ #....#
#####.# #.####
♣.♣#######.#
#..........#
#########.## #.# #.#


You could see a kobold and a friendly crimson imp.

Vanquished Creatures
  A gnoll (D:2)
  2 adders
  A worm (D:2)
  A dart slug (D:1)
  2 leopard geckos (D:1)
  2 giant cockroaches (D:2)
  8 goblins
  8 hobgoblins
  3 jackals (D:2)
  7 kobolds
  6 bats
  2 frilled lizards
  5 rats
48 creatures vanquished.

Vanquished Creatures (collateral kills)
  2 gnolls (D:2)
  An adder (D:2)
  An ooze (D:2)
  A hobgoblin (D:2)
  A rat (D:2)
6 creatures vanquished.

Grand Total: 54 creatures vanquished

Notes
Turn   | Place    | Note
-------+----------+-------------------------------------------
     0 | D:1      | opiumtea the Gnoll Wizard began the quest for the Orb.
     0 | D:1      | Reached XP level 1. HP: 13/13 MP: 8/8
   297 | D:1      | Reached XP level 2. HP: 19/19 MP: 1/10
   482 | D:1      | Learned a level 2 spell: Blink
   485 | D:1      | Learned a level 2 spell: Call Imp
   488 | D:1      | Learned a level 2 spell: Slow
   847 | D:1      | Reached XP level 3. HP: 25/25 MP: 9/11
   852 | D:1      | Learned a level 3 spell: Conjure Flame
   856 | D:1      | Learned a level 3 spell: Mephitic Cloud
  1318 | D:2      | Reached skill level 1 in Invocations
  1524 | D:2      | Found a radiant altar of Vehumet.
  1558 | D:2      | Found a hazy altar of Hepliaklqana.
  1558 | D:2      | Found a stormy altar of Qazlal.
  1746 | D:2      | Reached skill level 1 in Fighting
  1746 | D:2      | Reached skill level 1 in Short Blades
  1746 | D:2      | Reached skill level 1 in Long Blades
  1746 | D:2      | Reached skill level 1 in Axes
  1746 | D:2      | Reached skill level 1 in Maces & Flails
  1746 | D:2      | Reached skill level 1 in Polearms
  1746 | D:2      | Reached skill level 1 in Staves
  1746 | D:2      | Reached skill level 1 in Slings
  1746 | D:2      | Reached skill level 1 in Bows
  1746 | D:2      | Reached skill level 1 in Crossbows
  1746 | D:2      | Reached skill level 1 in Throwing
  1746 | D:2      | Reached skill level 1 in Armour
  1746 | D:2      | Reached skill level 1 in Shields
  1746 | D:2      | Reached skill level 1 in Unarmed Combat
  1746 | D:2      | Reached skill level 1 in Evocations
  1751 | D:2      | Reached XP level 4. HP: 32/32 MP: 1/13
  2206 | D:2      | Found a sacrificial altar of Ru.
  2331 | D:2      | Found a bloodstained altar of Trog.
  2409 | D:3      | Reached skill level 1 in Hexes
  2409 | D:3      | Reached skill level 1 in Charms
  2409 | D:3      | Reached skill level 1 in Necromancy
  2409 | D:3      | Reached skill level 1 in Transmutations
  2409 | D:3      | Reached skill level 1 in Fire Magic
  2409 | D:3      | Reached skill level 1 in Ice Magic
  2409 | D:3      | Reached skill level 1 in Air Magic
  2409 | D:3      | Reached skill level 1 in Earth Magic
  2409 | D:3      | Reached skill level 1 in Poison Magic
  2575 | D:1      | Slain by a kobold

Vault maps used:
D:1:      dpeg_arrival_shrine, serial_forest, infiniplex_forest_clump_small,
          infiniplex_forest_lined_3, infiniplex_forest_lined_2,
          infiniplex_forest_clump_small, infiniplex_forest_lined_1
D:2:      nicolae_overflow_hidden_temple, grunt_temple_overflow_open,
          lemuel_round_altar, first_ration
D:3:      uniq_sigmund

Skill      XL: |  1  2  3  4 |
---------------+-------------+-----
Conjurations   | 2 |  2.2
Summonings     | 2 |  2.2
Translocations | 2 |  2.2
Invocations    | 1 |  1.3
Fighting       | 1 |  1.2
Short Blades   | 1 |  1.2
Long Blades    | 1 |  1.2
Axes           | 1 |  1.2
Maces & Flails | 1 |  1.2
Polearms       | 1 |  1.2
Staves         | 1 |  1.2
Slings         | 1 |  1.2
Bows           | 1 |  1.2
Crossbows      | 1 |  1.2
Throwing       | 1 |  1.2
Armour         | 1 |  1.2
Shields        | 1 |  1.2
Unarmed Combat | 1 |  1.2
Evocations     | 1 |  1.2
Hexes          | 1 |  1.0
Charms         | 1 |  1.0
Necromancy     | 1 |  1.0
Transmutations | 1 |  1.0
Fire Magic     | 1 |  1.0
Ice Magic      | 1 |  1.0
Air Magic      | 1 |  1.0
Earth Magic    | 1 |  1.0
Poison Magic   | 1 |  1.0
Dodging        | |  4.6
Stealth        | |  4.3
Spellcasting   | |  7.2

Action                   |  1- 3 |  4- 6 || total
-------------------------+-------+-------++-------
Melee: Short sword       |     2 |    17 ||    19
       Bite              |       |     1 ||     1
 Cast: Magic Dart        |    80 |    20 ||   100
       Call Imp          |     6 |     3 ||     9
       Conjure Flame     |     1 |     3 ||     4
       Mephitic Cloud    |     1 |     1 ||     2
       Blink             |       |     4 ||     4
  Use: Scroll            |     5 |     1 ||     6
       Potion            |       |     2 ||     2
  Eat: Chunk             |     2 |     3 ||     5
Armor: Robe              |     3 |     4 ||     7
Dodge: Dodged            |    10 |    53 ||    63

Table legend:
 A = Spawn XP
 B = Non-spawn XP
 C = Spawn XP percentage of total XP
 D = Spawn monster count
 E = Non-spawn monster count
 F = Spawn count percentage of total count
 G = Total turns spent on level
                    A         B        C        D         E        F      G
               +---------+---------+-------+---------+---------+-------+---------
         Total |       0 |     144 |   0.0 |       0 |      54 |   0.0 |  2575
               +---------+---------+-------+---------+---------+-------+---------
           D:1 |       0 |      53 |   0.0 |       0 |      24 |   0.0 |  1296
           D:2 |       0 |      77 |   0.0 |       0 |      28 |   0.0 |  1225
           D:3 |       0 |      14 |   0.0 |       0 |       2 |   0.0 |    54
               +---------+---------+-------+---------+---------+-------+---------
